ElectroGuy, lawful male human Knight --- -- |.*--.-- ....... -.*.... .....- .... --..-- ---...<--- |.....%..| |.h......| -.|......-- |....%G.| ---G..@-- ---.-- --- ElectroGuy the Esquire Experience level: 5 Strength: 16 Dexterity: 8 Constitution: 12 Intelligence: 9 Wisdom: 14 Charisma: 18 Health: 0(45) Energy: 40(40) Def: 6 Gold: 318 Moves: 3187 Dungeon seed: 4VpR_-9RjB20-vuJ Game ID: ElectroGuy_1577389811 Your Inventory: Coins $ - 318 gold pieces Weapons a - a blessed +1 long sword (weapon in hand) b - a +1 lance (alternate weapon; not wielded) Armor e - a blessed +1 ring mail (being worn) n - an uncursed +0 helmet (being worn) q - an uncursed +0 small shield (being worn) r - an uncursed burnt +0 pair of leather gloves (being worn) Comestibles c - 7 uncursed apples d - 7 uncursed carrots H - 2 uncursed food rations Rings i - an uncursed ring of levitation p - an uncursed ring of levitation Tools o - an uncursed lock pick s - an uncursed saddle y - an uncursed skeleton key A - an uncursed tallow candle (0:200) Gems z - an uncursed fluorite stone N - an uncursed worthless piece of white glass Spells and supernatural/magical abilities: Name Level Category Fail Memory H - haste self 3 escape 100% 91% W - pray for help -- divine ? -- X - turn undead -- divine ? -- Y - supernatural jump -- ability ? -- Your skills at the end: Fighting Skills riding [Basic] Weapon Skills long sword [Basic] lance [Basic] Spellcasting Skills Final Attributes: You were piously aligned. You could jump. You are dead. Vanquished creatures: a pony a gnomish wizard a homunculus 2 iguanas a gas spore 3 manes a hobgoblin a giant rat 2 gnomes a gecko 5 jackals 2 foxes a kobold 3 goblins 4 sewer rats 3 grid bugs 3 lichens 2 kobold zombies 8 newts 45 creatures vanquished. Voluntary challenges: You had been an atheist until turn 3180. You used a wielded weapon 58 times, starting on turn 87. You read items or engraved 10 times, starting on turn 792. You never genocided any monsters. You never polymorphed an object. You never changed form. You used no wishes. You never split a pudding. You never wrote Elbereth's name. You violated your moral code, losing 15 points of alignment, starting on turn 1390. Dungeon overview: The Dungeons of Doom: levels 1 to 3 Level 1 a long staircase Level 2 a sink Level 3 stairs to The Gnomish Mines The Gnomish Mines: Level 4 <- You were here stairs to The Dungeons of Doom History has recorded: On T:1 you entered the Dungeons of Doom to retrieve the Amulet of Yendor! On T:1120 you advanced to experience level 2. On T:1277 you reached level 2 of The Dungeons of Doom. On T:1303 you advanced to experience level 3. On T:1390 you advanced to experience level 4. On T:2129 you reached level 3 of The Dungeons of Doom. On T:2927 you reached level 1 of The Gnomish Mines. On T:2940 you advanced to experience level 5. Score breakdown: Gold: 318 ( 8517 points) Experience: 5 levels (11141 points) Exploration: 4 levels ( 7.69%) ( 7276 points) Discoveries: 5 items ( 2.03%) ( 4276 points) Valuables value: (no points given unless you survive) Artifact value: 0 ( 0 points) Variety of kills: 19 monsters ( 4.99%) ( 6699 points) Turncount: 3187 turns ( -689 points) Survival: died (score multiplied by 80%) Total score: 29776 Latest messages: The gnome hits! The gnome swings her bow. The gnome hits! You are carrying too much to jump! You begin praying to Lugh. You are surrounded by a shimmering light. The gnome starts to attack you, but pulls back. (2x) You feel that Lugh is well-pleased. Your long sword softly glows with a light blue aura and is now as good as new. You kill the gnome! The gnome just misses! You hit the gnome. You miss the gnome. You hear a distant squeak. The gnome hits! The gnome wields a bow! You write in the dust with your fingers. The gnome hits! You die... Final status: Fare thee well ElectroGuy the Knight, killed by a gnome... You died in The Gnomish Mines on dungeon level 4 with 29776 points, and 318 pieces of gold, after 3187 moves. You were level 5 with a maximum of 45 hit points when you died.